AoeStats
← waLLefps.

Arabia

507249699Analyzed
1v1 RM · 14d ago on Sep 17, 2026· 33m 5s· 2 players
Game mode
Random Map
Map size
Tiny (2 player)
Population
200
Speed
Normal
Resources
Standard
Victory
Conquest
Starting age
Dark Age
Ending age
Imperial Age
RankedLock teamsTeams togetherTeam positionsShared explorationLock speedFull tech treeHidden civsTurbo modeCheats
Victory
Defeat
🇹🇷 Slavs · Türkiye
1331
+14
🇦🇷 Spanish · Argentina
1297
-14
[BTJ'] arancito
6:50 Loom
7:05 Loom
9:54 Feudal Age
9:59 Man-at-Arms
10:25 Double-Bit Axe
22:44 Castle Age
22:56 Castle Age
21:49 Fletching
23:13 Bloodlines
23:15 Forging
23:39 Bodkin Arrow
23:21 Light Cavalry
28:16 Iron Casting
30:54 Guard Tower
waLLefps.
7:42 Loom
10:37 Feudal Age
15:18 Double-Bit Axe
18:51 Horse Collar
21:50 Castle Age
19:57 Gold Mining
21:04 Fletching
21:39 Padded Archer Armor
22:58 Bow Saw
22:15 Crossbowman
22:55 Bodkin Arrow
29:17 Wheelbarrow
29:06 Heavy Plow
30:56 Ballistics
Connection lost

Rejoining the realm…

Still unreachable

The connection could not be restored.

Session expired

The server has moved on; the page needs a fresh start.